 Dungeon Crawl Stone Soup version 0.20-a0-386-g2d247ea (webtiles) character file.

68716 terra53 the Sorcerer (level 14, 0/74 HPs)
             Began as a Deep Elf Conjurer on Dec 29, 2016.
             Was an Initiate of Gozag.
             Splashed by an acid blob's acid (8 damage)
             ... on level 5 of the Lair of Beasts.
             The game lasted 03:05:21 (25640 turns).

terra53 the Sorcerer (Deep Elf Conjurer)           Turns: 25640, Time: 03:05:22

Health: 0/74       AC:  2    Str:  5    XL:     14   Next: 87%
Magic:  26/41      EV: 16    Int: 28    God:    Gozag
Gold:   140        SH:  0    Dex: 13    Spells: 6/55 levels left

rFire  + + .     SeeInvis .     G - +3 rod of clouds (14/14)
rCold  + . .     Gourm    .     F - +2 robe {rC+ rF+}
rNeg   . . .     Faith    .     (no shield)
rPois  +         Spirit   .     q - +2 helmet
rElec  .         Reflect  .     r - +0 cloak of Going Fast {+Blink Int-2 Stlth+}
rCorr  .         Harm     .     H - +1 pair of gloves
MR     +....                    (no boots)
Stlth  ++++++....               n - amulet of magic regeneration
                                s - ring of protection from fire
                                g - +4 ring of intelligence

@: corroded, very slightly contaminated, repel missiles
A: clumsy 1, poison resistance, robust 1
a: Potion Petition, Call Merchant, Bribe Branch, Renounce Religion, Evoke Blink


You were on level 5 of the Lair of Beasts.
You worshipped Gozag.
Gozag was aware of your devotion.
You were not hungry.

You visited 8 branches of the dungeon, and saw 28 of its levels.

You collected 5536 gold pieces.
You spent 1918 gold pieces at shops.
You paid 3478 gold pieces to Gozag.

Inventory:

Hand Weapons
 K - a +1 dagger of holy wrath
Armour
 q - a +2 helmet (worn)
 r - the +0 cloak of Going Fast (worn) {+Blink Int-2 Stlth+}
   (You found it on level 2 of the Lair of Beasts)

   It affects your intelligence (-2).
   It lets you blink.
   It makes you more stealthy.
 F - a +2 robe of resistance (worn)
 H - a +1 pair of gloves (worn)
 M - the +2 robe of the Loofah {rPois rF+ Str-4 SInv}
   (You bought it in a shop on level 4 of the Lair of Beasts)

   It affects your strength (-4).
   It protects you from fire.
   It protects you from poison.
   It lets you see invisible.
 P - the +2 robe "Alaraann" {rPois rC+}
   (You found it on level 7 of the Dungeon)

   It protects you from cold.
   It protects you from poison.
Rods
 G - a +3 rod of clouds (14/14) (in hand)
   (You found it on level 7 of the Dungeon)
Jewellery
 g - a +4 ring of intelligence (left hand)
 m - an uncursed ring of resist corrosion
 n - an amulet of magic regeneration (around neck)
 o - a +2 ring of intelligence
 s - a ring of protection from fire (right hand)
Wands
 h - a wand of acid (3/15)
 j - a wand of enslavement (15/24)
 u - a wand of lightning (10/15)
 v - a wand of acid (6/15)
 y - a wand of acid (3/15)
 I - a wand of flame (27/48)
 J - a wand of lightning (0/15)
 Q - a wand of confusion (20/48)
 Z - a wand of paralysis (10/24)
Scrolls
 a - a scroll of identify
 p - 2 scrolls of immolation
 w - a scroll of fear
 x - a scroll of fog
 E - 7 scrolls of remove curse
 L - 3 scrolls of teleportation
 O - 8 scrolls of amnesia
 S - a scroll of enchant weapon
 V - 4 scrolls of magic mapping
Potions
 d - 3 potions of haste
 e - a potion of agility
 i - 4 potions of lignification
 l - 2 potions of ambrosia
 t - 3 potions of flight
 z - a potion of berserk rage
 B - 3 potions of brilliance
 C - a potion of magic
 D - 7 potions of curing
 N - 2 potions of cure mutation
 T - a potion of cancellation
 U - 5 potions of resistance
 W - 4 potions of might
Books
 b - the Tome of Clay and Flight
   (You bought it in a shop on level 2 of the Lair of Beasts)

   Spells                             Type                      Level
   a - Sandblast                      Earth                        1
   b - Airstrike                      Air                          4
   c - Petrify                        Transmutation/Earth          4
   d - Bolt of Magma                  Conjuration/Fire/Earth       5
Miscellaneous
 k - a lamp of fire
Comestibles
 c - 5 bread rations
 f - 16 meat rations


   Skills:
 * Level 7.8 Dodging
 + Level 12.2 Stealth
 * Level 21.1 Spellcasting
 + Level 12.6 Conjurations
 + Level 6.5 Hexes
 + Level 8.8 Charms
 + Level 0.7 Summonings
 + Level 2.2 Translocations
 + Level 4.5 Ice Magic
 + Level 0.4 Earth Magic
 * Level 9.0 Evocations


You had 6 spell levels left.
You knew the following spells:

 Your Spells              Type           Power        Failure   Level  Hunger
a - Magic Dart            Conj           ####         0%          1    None
b - Searing Ray           Conj           ######       0%          2    None
c - Dazzling Spray        Conj/Hex       ######       1%          3    None
d - Iskenderun's Mystic   Conj           #######.     1%          4    None
e - Fulminant Prism       Conj/Hex       ######....   1%          4    None
f - Iskenderun's Battles  Conj/Chrm      ######..     1%          5    None
g - Gell's Gravitas       Hex/Tloc       ######....   1%          3    None
h - Slow                  Hex            ######..     1%          2    None
i - Ozocubu's Armour      Chrm/Ice       ######..     1%          3    None
j - Leda's Liquefaction   Hex/Erth       #####.....   3%          4    None
k - Throw Icicle          Conj/Ice       ######..     1%          4    None
l - Summon Ice Beast      Ice/Summ       #####...     6%          4    None
m - Animate Skeleton      Necr           N/A          1%          1    None
n - Blink                 Tloc           N/A          1%          2    None
o - Repel Missiles        Chrm/Air       ######       1%          2    None
p - Bolt of Magma         Conj/Fire/Erth ######....   8%          5    None


Dungeon Overview and Level Annotations

Branches:
Dungeon (14/15)            Temple (1/1) D:4            Lair (6/6) D:10
  Swamp (1/4) Lair:2        Snake (1/4) Lair:2        Slime (1/5) Lair:5
    Orc (2/2) D:10            Elf (2/3) Orc:2
 Vaults: D:13-14

Altars:
Ashenzari
Cheibriados
Dithmenos
Elyvilon
Fedhas
Gozag
Hepliaklqana
Kikubaaqudgha
Makhleb
Nemelex Xobeh
Okawaru
Qazlal
Ru
Sif Muna
Trog
Uskayaw
Vehumet
Xom
Yredelemnul
Zin
The Shining One
Beogh
Jiyva

Shops:
D:10 [=   D:11 :   Orc:2 ?[(}   Lair:2 *   Lair:4 [

Annotations:
D:13 Nessos


Innate Abilities, Weirdness & Mutations

You are clumsy. (Dex -2)
Your system is resistant to poisons. (rPois)
You are robust. (+10% HP)


Message History

The acid blob spits acid at you. The splash of acid hits you!
You are splashed with acid!
The acid burns!
You climb upwards.
Welcome back to the Lair of Beasts!
There is a staircase to the Slime Pits here.
Casting: Throw Icicle
Confirm with . or Enter, or press ? or * to list all spells.
Aiming: Throw Icicle
Press: ? - help, Shift-Dir - straight line, f - acid blob
Aim: an acid blob (heavily wounded)
You miscast Throw Icicle.
You are very lightly contaminated with residual magic.
Nothing appears to happen.
The acid blob spits acid at you. The splash of acid hits you!
You are splashed with acid!
The acid burns!
* * * LOW HITPOINT WARNING * * *
The acid blob hits you!
* * * LOW HITPOINT WARNING * * *
The acid corrodes you!
You are splashed with acid!
The acid burns!
You die...
Your body crumbles into a pile of gold.

#..##)...# #### #...# #..
##..###..## #P.###...####..
#.....##'# ##.PP...#.##...
##.#....## #..............
###.#.#########>..#P.P#....#
#..#.#P#.#.##.P###.##P.P.P
##.........#..##.#.#P.[...
#..P.P.P._..#.P.#.........
##.#..P..@..........P....#
##.....PPP.J#..............
#.................P#.P..#P.
##....P.P........P......P..
##.................#.......
#....#.##......#....#P.##..
##.....##..#..##...P#####..
#P..P#.#.#...##.#..## ###.
##.......#..........###.#.


You could see an acid blob.

Vanquished Creatures
  Kirke (D:13)
  A stone giant (Orc:2)
  Josephine (Lair:4)
  7 hydras
  The ghost of grandjackal the Purveyor of Pain, a journeyman DsNe of Kikubaaqudgha (D:9)
  Erica (Lair:2)
  2 centaur warriors (D:13)
  2 alligators (Swamp:1)
  A catoblepas (D:13)
  15 two-headed ogres
  2 ogre magi (Orc:2)
  A death yak (Lair:3)
  Nergalle (D:12)
  A deep elf archer (Elf:2)
  2 deep trolls
  A lindwurm (Lair:5)
  2 ugly things (D:11)
  2 deep elf magi (Elf:2)
  2 orc knights
  2 cyclopes (Orc:2)
  The ghost of petzl the Covert, a novice OpWn (D:8)
  A manticore (D:12)
  8 elephants
  An ice statue (D:9)
  4 black mambas
  Joseph (Lair:1)
  A torpor snail (Lair:5)
  5 spiny frogs
  3 komodo dragons
  7 ice devils (D:9)
  13 trolls
  A tyrant leech (Swamp:1)
  3 hornets (Swamp:1)
  5 blink frogs (Lair:5)
  6 slime creatures
  7 dream sheep
  Sigmund (D:6)
  6 hippogriffs
  6 wraiths
  22 yaks
  2 shadows
  4 spriggans
  A water elemental (Elf:2)
  A fire elemental (Elf:1)
  3 basilisks
  A human (D:13)
  3 wyverns (D:11)
  3 hogs (D:13)
  4 hungry ghosts
  Edmund (D:6)
  4 vampire mosquitoes (D:10)
  A warg (Orc:1)
  12 water moccasins
  4 porcupines
  A black bear (D:13)
  14 orc warriors
  3 sky beasts
  2 hornet zombies
  2 necrophages
  3 phantoms
  3 centaurs
  29 ogres
  7 crocodiles
  4 big kobolds
  18 bullfrogs
  8 scorpions
  A water moccasin skeleton (D:4)
  4 killer bees (D:10)
  An electric eel (Lair:4)
  2 howler monkeys
  3 crimson imps
  A quasit (D:12)
  3 centaur zombies
  2 jellies
  6 hounds
  16 orc priests
  2 bullfrog zombies
  A bullfrog skeleton (D:5)
  24 orc wizards
  Crazy Yiuf (D:3)
  5 centaur skeletons
  An iguana (D:9)
  8 worker ants
  6 ogre zombies (D:10)
  3 hound zombies
  2 hound skeletons
  A howler monkey zombie (D:6)
  Robin (D:2)
  A gnoll (D:6)
  14 adders
  2 shadow imps
  5 ufetubi (D:9)
  4 oozes
  An adder skeleton (D:5)
  2 adder zombies
  2 worms
  2 dart slugs
  3 leopard geckos
  69 orcs
  5 giant cockroaches
  12 goblins
  5 hobgoblins
  11 jackals
  6 quokkas
  8 ball pythons
  5 bats
  11 frilled lizards
  A hobgoblin skeleton (D:10)
  3 hobgoblin zombies (D:10)
  8 kobolds
  A leopard gecko skeleton (D:4)
  2 orc skeletons (D:10)
  13 orc zombies (D:10)
  A quokka skeleton (D:5)
  8 rats
  A plant (D:10)
588 creatures vanquished.

Vanquished Creatures (collateral kills)
  A hydra (Lair:5)
  A troll (D:12)
  A hippogriff (D:11)
  A bullfrog (Lair:5)
  A worker ant (D:11)
5 creatures vanquished.

Vanquished Creatures (others)
  A deep elf knight (Elf:2)
  2 humans (D:13)
  An orc priest (D:13)
  An orc wizard (D:13)
  An orc (D:13)
  22 fulminant prisms
  2 fungi
30 creatures vanquished.

Grand Total: 623 creatures vanquished

Notes
Turn   | Place    | Note
-------+----------+-------------------------------------------
     0 | D:1      | terra53 the Deep Elf Conjurer began the quest for the Orb.
     0 | D:1      | Reached XP level 1. HP: 10/10 MP: 6/6
   244 | D:1      | Reached XP level 2. HP: 15/15 MP: 2/8
   418 | D:2      | Noticed Robin
   559 | D:1      | Reached skill level 5 in Conjurations
   566 | D:1      | Reached XP level 3. HP: 19/19 MP: 0/10
   809 | D:1      | Learned a level 2 spell: Searing Ray
   813 | D:1      | Learned a level 3 spell: Dazzling Spray
  1288 | D:4      | Reached skill level 4 in Spellcasting
  1288 | D:4      | Reached XP level 4. HP: 15/24 MP: 2/12
  1527 | D:3      | Reached XP level 5. HP: 28/28 MP: 8/14
  1572 | D:3      | Reached skill level 5 in Spellcasting
  1701 | D:4      | Found a sparkling altar of Nemelex Xobeh.
  2093 | D:3      | Reached XP level 6. HP: 32/32 MP: 7/16
  2317 | D:2      | Killed Robin
  2317 | D:2      | Reached skill level 6 in Spellcasting
  2454 | D:2      | Found a hazy altar of Hepliaklqana.
  2459 | D:2      | Found a snail-covered altar of Cheibriados.
  2459 | D:2      | Found a shadowy altar of Dithmenos.
  2459 | D:2      | Found a sacrificial altar of Ru.
  2468 | D:2      | Found a shimmering altar of Xom.
  2468 | D:2      | Found a basalt altar of Yredelemnul.
  3085 | D:3      | Found a runed door.
  3091 | D:3      | Noticed Crazy Yiuf
  3096 | D:3      | Killed Crazy Yiuf
  3390 | D:4      | Found a staircase to the Ecumenical Temple.
  3396 | Temple   | Entered the Ecumenical Temple
  3742 | D:4      | Found a shattered altar of Ashenzari.
  3896 | D:4      | Reached skill level 7 in Spellcasting
  4440 | D:4      | Reached skill level 5 in Stealth
  4440 | D:4      | Reached XP level 7. HP: 36/36 MP: 6/19
  4546 | D:4      | Learned a level 4 spell: Iskenderun's Mystic Blast
  4551 | D:4      | Learned a level 4 spell: Fulminant Prism
  4557 | D:4      | Learned a level 5 spell: Iskenderun's Battlesphere
  4570 | D:5      | Entered Level 5 of the Dungeon
  4622 | D:5      | Found a radiant altar of Vehumet.
  4627 | D:5      | Reached skill level 1 in Hexes
  4802 | D:5      | Found a burning altar of Makhleb.
  4802 | D:5      | Noticed a blizzard demon
  4811 | D:5      | Noticed a ynoxinul
  4811 | D:5      | Noticed a smoke demon
  4971 | D:5      | Reached skill level 8 in Spellcasting
  5599 | D:6      | Reached skill level 9 in Spellcasting
  5599 | D:6      | Reached XP level 8. HP: 41/41 MP: 18/23
  5711 | D:7      | Noticed a hippogriff
  5718 | D:7      | Killed a hippogriff
  5746 | D:7      | Identified a +0 rod of clouds (11/11) (You found it on level 7 of the Dungeon)
  5761 | D:7      | Found a stormy altar of Qazlal.
  5986 | D:6      | Reached skill level 10 in Spellcasting
  6117 | D:6      | Noticed Sigmund
  6184 | D:6      | Killed Sigmund
  6467 | D:6      | Reached skill level 1 in Evocations
  6635 | D:6      | Reached skill level 11 in Spellcasting
  6802 | D:6      | Noticed Edmund
  6819 | D:6      | Killed Edmund
  6819 | D:6      | Reached XP level 9. HP: 45/45 MP: 8/26
  7082 | D:6      | Found an ancient bone altar of Kikubaaqudgha.
  7157 | D:7      | Got an ichor-stained robe
  7168 | D:7      | Identified the +2 robe "Alaraann" {rPois rC+} (You found it on level 7 of the Dungeon)
  7384 | D:7      | Reached skill level 1 in Charms
  7763 | D:8      | Noticed petzl's ghost (novice OpWn)
  7765 | D:8      | Noticed a two-headed ogre
  7773 | D:8      | Killed petzl's ghost
  7773 | D:8      | Reached skill level 12 in Spellcasting
  7775 | D:8      | Killed a two-headed ogre
  7949 | D:8      | Noticed a two-headed ogre
  7963 | D:8      | Killed a two-headed ogre
  7963 | D:8      | Reached skill level 13 in Spellcasting
  7963 | D:8      | Reached XP level 10. HP: 50/50 MP: 20/29
  8119 | D:9      | Got a bloodstained chain mail
  8130 | D:9      | Identified the +4 chain mail of Vlad {rPois} (You found it on level 9 of the Dungeon)
  8592 | D:8      | Learned a level 3 spell: Gell's Gravitas
  8630 | D:8      | Learned a level 2 spell: Slow
  8681 | D:8      | Found an opulent altar of Gozag.
  8695 | D:8      | Became a worshipper of Gozag Ym Sagoz the Greedy
  8747 | D:8      | Learned a level 3 spell: Ozocubu's Armour
  8888 | D:8      | Noticed a two-headed ogre
  8907 | D:8      | Killed a two-headed ogre
  9054 | D:9      | Learned a level 4 spell: Leda's Liquefaction
  9137 | D:9      | Noticed grandjackal's ghost (journeyman DsNe)
  9444 | D:9      | Killed grandjackal's ghost
  9444 | D:9      | Reached skill level 14 in Spellcasting
  9453 | D:9      | Noticed an ice statue
  9477 | D:9      | Noticed a two-headed ogre
  9730 | D:9      | Found a glowing silver altar of Zin.
  9990 | D:9      | Killed a two-headed ogre
  9990 | D:9      | Reached skill level 1 in Translocations
  9990 | D:9      | Reached XP level 11. HP: 54/54 MP: 24/31
 10400 | D:9      | Reached skill level 5 in Evocations
 10570 | D:9      | Reached skill level 15 in Spellcasting
 10883 | D:10     | Entered Level 10 of the Dungeon
 11013 | D:10     | Reached skill level 10 in Conjurations
 11364 | D:10     | Reached skill level 5 in Charms
 11653 | D:10     | Noticed a three-headed hydra
 11662 | D:10     | Reached skill level 10 in Stealth
 11691 | D:10     | Killed a three-headed hydra
 11729 | D:10     | Got a crude halberd
 11730 | D:10     | Identified the cursed +1 halberd of Overwhelming Force {flame, *Slow MR+ Dex+4} (You found it on level 10 of the Dungeon)
 11940 | D:10     | Found a staircase to the Lair.
 11949 | Lair:1   | Entered Level 1 of the Lair of Beasts
 12136 | Lair:1   | Reached skill level 16 in Spellcasting
 12172 | Lair:1   | Noticed a four-headed hydra
 12191 | Lair:1   | Killed a four-headed hydra
 12700 | Lair:1   | Reached skill level 5 in Hexes
 12871 | Lair:1   | Noticed Joseph
 12885 | Lair:1   | Killed Joseph
 13177 | Lair:1   | Reached XP level 12. HP: 59/59 MP: 26/34
 13426 | Lair:1   | Noticed a five-headed hydra
 13430 | Lair:1   | Killed a five-headed hydra
 13663 | Lair:1   | Noticed an eight-headed hydra
 13671 | Lair:1   | Killed an eight-headed hydra
 13955 | Lair:1   | Learned a level 4 spell: Throw Icicle
 13960 | Lair:1   | Learned a level 4 spell: Summon Ice Beast
 13997 | Lair:2   | Noticed Erica
 14005 | Lair:2   | Killed Erica
 14252 | D:10     | Found a staircase to the Orcish Mines.
 14382 | D:9      | Identified a scroll of acquirement
 14623 | D:10     | Reached skill level 17 in Spellcasting
 14623 | D:10     | Reached skill level 1 in Ice Magic
 14710 | D:10     | Found Maho Peo's Armour Emporium.
 14898 | D:11     | Noticed a two-headed ogre
 14903 | D:11     | Killed a two-headed ogre
 15247 | Orc:1    | Entered Level 1 of the Orcish Mines
 15625 | D:11     | Noticed a two-headed ogre
 15629 | D:11     | Killed a two-headed ogre
 16117 | D:11     | Reached skill level 18 in Spellcasting
 16189 | D:12     | Noticed Nergalle
 16196 | D:12     | Killed Nergalle
 16773 | D:12     | Reached XP level 13. HP: 56/63 MP: 25/37
 17024 | D:13     | Noticed Nessos
 17919 | Orc:1    | Found a roughly hewn altar of Beogh.
 17979 | Orc:2    | Entered Level 2 of the Orcish Mines
 18375 | Lair:2   | Found a staircase to the Snake Pit.
 18420 | Snake:1  | Entered Level 1 of the Snake Pit
 18562 | Lair:2   | Found a staircase to the Swamp.
 18577 | Lair:2   | Reached skill level 5 in Dodging
 19211 | Lair:2   | Got a heavily runed cloak
 19222 | Lair:2   | Identified the +0 cloak of Going Fast {+Blink Int-2 Stlth+} (You found it on level 2 of the Lair of Beasts)
 19724 | D:11     | Bought a book of Minor Magic for 340 gold pieces
 19724 | D:11     | Bought a book of Cantrips for 340 gold pieces
 19726 | D:11     | Learned a level 1 spell: Animate Skeleton
 19729 | D:11     | Learned a level 2 spell: Blink
 19732 | D:11     | Learned a level 2 spell: Repel Missiles
 19743 | D:11     | Gained mutation: You are robust. (+10% HP) [potion of mutation]
 19743 | D:11     | Gained mutation: Your system is resistant to poisons. (rPois) [potion of mutation]
 19743 | D:11     | Gained mutation: You are clumsy. (Dex -2) [potion of mutation]
 20009 | Lair:3   | Reached skill level 19 in Spellcasting
 20522 | Lair:4   | Noticed Josephine
 20532 | Lair:4   | Killed Josephine
 20667 | Lair:4   | Bought an ichor-stained robe for 182 gold pieces
 20677 | Lair:4   | Identified the +2 robe of the Loofah {rPois rF+ Str-4 SInv} (You bought it in a shop on level 4 of the Lair of Beasts)
 20720 | Lair:4   | Got a transparent sapphire amulet
 20722 | Lair:4   | Identified the amulet of Fiata {+Rage Str+3} (You acquired it on level 4 of the Lair of Beasts)
 21520 | Lair:5   | Found a runed door.
 21523 | Lair:5   | Found a viscous altar of Jiyva.
 21523 | Lair:5   | Found a staircase to the Slime Pits.
 21785 | Lair:5   | Reached XP level 14. HP: 74/74 MP: 15/39
 22262 | Lair:6   | Entered Level 6 of the Lair of Beasts
 22354 | Swamp:1  | Entered Level 1 of the Swamp
 22491 | Swamp:1  | Reached skill level 20 in Spellcasting
 23115 | Orc:2    | Found Sassadom's Armour Boutique.
 23122 | Orc:2    | Noticed a stone giant
 23365 | Orc:2    | Killed a stone giant
 23594 | Orc:2    | Found Ziyqos's Gadget Shop.
 23600 | Orc:2    | Found Novemm's Weapon Shoppe.
 23603 | Orc:2    | Bought a lamp of fire for 480 gold pieces
 23606 | Orc:2    | Found Muor's Magic Scroll Boutique.
 24102 | Orc:2    | Found a staircase to the Elven Halls.
 24479 | Elf:1    | Entered Level 1 of the Elven Halls
 24688 | D:13     | Noticed Kirke
 24699 | D:13     | Killed Kirke
 25007 | D:13     | Reached skill level 21 in Spellcasting
 25445 | Lair:2   | Bought a blackened book for 540 gold pieces
 25445 | Lair:2   | Identified the Tome of Clay and Flight (You bought it in a shop on level 2 of the Lair of Beasts)
 25445 | Lair:2   | Bought a scroll labeled ZIFUKKOENT for 36 gold pieces
 25452 | Lair:2   | Learned a level 5 spell: Bolt of Magma
 25534 | Slime:1  | Entered Level 1 of the Pits of Slime
 25548 | Slime:1  | Noticed an acid blob
 25640 | Lair:5   | Splashed by an acid blob's acid

Vault maps used:
D:1:      lightli_iron_boxes, minmay_lizard_king
D:2:      minmay_overflow_temple_hex, uniq_robin
D:3:      first_bread, uniq_crazy_yiuf_cottage
D:4:      ashenzari_conservatory_becter, grunt_ministairs_4,
          nemelex_dance_club_becter
D:5:      lemuel_crystal_altar, makhleb_altar_promises_db
D:6:      kennysheep_mini_moat, sigmund_army, uniq_edmund, uniq_sigmund
D:7:      lemuel_crystal_altar
D:8:      minmay_opposing_rooms, grunt_gozag_statues
D:9:      cheibrodos_frozen_isle, zin_statuary
D:10:     lair_entry_dummy, zombieorc1_lemuel, serial_shops,
          kennysheep_little_box, hangedman_ranch
D:11:     st_stairs_4, serial_park_tiny_2
D:12:     uniq_nergalle
D:13:     uniq_maurice, uniq_nessos, uniq_kirke
D:14:     lightli_vaults_fourway_checkpoint, grunt_decor_arrowhead
Temple:   jpeg_temple_island
Lair:1:   uniq_joseph
Lair:2:   swamp_mist, minmay_snake_entry_six_corridors, lemuel_another_geyser,
          uniq_erica
Lair:3:   grunt_forest_large_clearing_hut
Lair:4:   minivault_19, lemuel_fruit_fields, lemuel_fruit_fields, uniq_josephine
Lair:5:   slime_altar_1, pf_torpor_hydra
Lair:6:   evilmike_catoblepas_cave, minivault_26, minivault_29,
          grunt_megastairs_5
Swamp:1:  cheibrodos_swamp_tower_of_moss, evilmike_swamp_ruin_house_1,
          infiniplex_staircase_pool_2
Snake:1:  spider_trap, minmay_shoptagon
Slime:1:  cheibrodos_slime_lost_civilization_3
Orc:1:    basic_altar
Orc:2:    st_orc_open
Elf:1:    serial_shops, nicolae_shop_statue_plus, kennysheep_underground_church
Elf:2:    uniq_louise

Skill      XL: |  1  2  3  4  5  6  7  8  9 10 11 12 13 14 |
---------------+-------------------------------------------+-----
Conjurations   | 5 6 7 8 9 10 11 12 | 12.6
Stealth        | 3 4 5 6 7 9 10 11 12 | 12.2
Spellcasting   | 4 5 7 9 11 13 14 16 18 19 21 | 21.1
Hexes          | 1 2 3 4 5 6 |  6.5
Evocations     | 1 3 4 5 6 7 9 |  9.0
Dodging        | 3 4 6 7 |  7.8
Charms         | 3 4 5 7 8 |  8.8
Translocations | 1 2 |  2.2
Ice Magic      | 1 3 4 |  4.5
Summonings     | |  0.7
Earth Magic    | |  0.4

Action                   |  1- 3 |  4- 6 |  7- 9 | 10-12 | 13-15 || total
-------------------------+-------+-------+-------+-------+-------++-------
Melee: Unarmed           |    12 |       |       |       |       ||    12
       Dagger            |       |       |     1 |       |       ||     1
 Cast: Magic Dart        |    83 |   113 |   127 |   447 |   290 ||  1060
       Searing Ray       |     1 |     8 |    20 |    11 |     1 ||    41
       Dazzling Spray    |       |    11 |    13 |    20 |    12 ||    56
       Iskenderun's Batt |       |       |    11 |    85 |    96 ||   192
       Iskenderun's Myst |       |       |     1 |    16 |     7 ||    24
       Fulminant Prism   |       |       |       |    12 |    10 ||    22
       Gell's Gravitas   |       |       |       |     8 |    12 ||    20
       Ozocubu's Armour  |       |       |       |     9 |    19 ||    28
       Slow              |       |       |       |     3 |     1 ||     4
       Leda's Liquefacti |       |       |       |     3 |     8 ||    11
       Throw Icicle      |       |       |       |    29 |   143 ||   172
       Summon Ice Beast  |       |       |       |     5 |     3 ||     8
       Blink             |       |       |       |       |     3 ||     3
       Repel Missiles    |       |       |       |       |     2 ||     2
       Bolt of Magma     |       |       |       |       |     7 ||     7
Invok: Call Merchant     |       |       |       |     2 |     2 ||     4
 Abil: Evoke Blink       |       |       |       |       |     1 ||     1
Evoke: Rod               |       |       |    10 |    19 |    28 ||    57
       Wand              |       |       |       |     4 |       ||     4
  Use: Scroll            |       |     6 |     5 |    14 |    12 ||    37
       Potion            |       |       |     1 |     3 |     3 ||     7
  Eat: Chunk             |     1 |     9 |     8 |     7 |     1 ||    26
       Pizza             |       |     1 |     2 |     7 |     5 ||    15
       Royal jelly       |       |       |     1 |     2 |       ||     3
       Fruit             |       |       |     2 |    15 |    15 ||    32
       Beef jerky        |       |       |       |     3 |     2 ||     5
       Bread ration      |       |       |       |       |     4 ||     4
Armor: Robe              |     1 |     1 |     9 |    32 |    22 ||    65
       Skin              |       |       |     2 |       |       ||     2
Dodge: Dodged            |    19 |    16 |    42 |    94 |    60 ||   231
       Deflected         |       |       |       |       |     8 ||     8
